 Dungeon Crawl Stone Soup version 0.20.1-1-g8b1a95d (webtiles) character file.

401 Thjof the Slasher (level 6, 0/53 HPs)
             Began as a Draconian Abyssal Knight on Oct 29, 2017.
             Was a Priest of Lugonu.
             Succumbed to a worker ant's poison
             ... on level 3 of the Dungeon.
             The game lasted 00:31:13 (2771 turns).

Thjof the Slasher (Draconian Abyssal Knight)        Turns: 2771, Time: 00:31:14

Health: 0/53       AC:  9    Str: 15    XL:     6   Next: 54%
Magic:  8/8        EV: 13    Int: 12    God:    Lugonu [***...]
Gold:   130        SH:  0    Dex: 12    Spells: 5/5 levels left

rFire    . . .     SeeInvis .   a - +2 falchion
rCold    . . .     Gourm    .   (no shield)
rNeg     . . .     Faith    .   (armour unavailable)
rPois    .         Spirit   .   (helmet restricted)
rElec    .         Reflect  .   (no cloak)
rCorr    .         Harm     .   t - +2 pair of gloves
MR       .....                  (no boots)
Stlth    +.........             (no amulet)
Regen    0.2/turn               (no ring)
MPRegen  0.2/turn               (no ring)

@: lethally poisoned (0 -> -1)
A: unfitting armour, cold-blooded, AC +6
a: Depart the Abyss, Bend Space, Banish, Renounce Religion


You were on level 3 of the Dungeon.
You worshipped Lugonu.
Lugonu was most pleased with you.
You were not hungry.

You visited 1 branch of the dungeon, and saw 4 of its levels.
You visited the Abyss 1 time.

You collected 130 gold pieces.

Inventory:

Hand Weapons
 a - a +2 falchion (weapon)
 b - a +0 hunting sling
Missiles
 d - 176 stones
 f - 43 bolts
 j - 4 tomahawks (quivered)
 r - 23 arrows
 D - 21 poisoned needles
 F - 22 sling bullets
Armour
 e - a +0 ring mail
 t - a +2 pair of gloves (worn)
Jewellery
 h - an uncursed amulet of faith {unknown}
Wands
 x - a wand of scattershot (6/9)
Scrolls
 c - 4 scrolls of identify {unknown}
 i - a scroll of teleportation {unknown}
 m - a scroll of immolation {unknown}
 q - 2 scrolls of remove curse
Potions
 u - a potion of ambrosia {unknown}
 z - a potion of brilliance {unknown}
 C - 2 potions of flight {unknown}
Comestibles
 n - 3 meat rations
 v - 3 bread rations


   Skills:
 + Level 4.3 Fighting
 + Level 5.1 Long Blades
 + Level 0.5 Slings
 + Level 3.5 Dodging
 + Level 0.4 Stealth
 + Level 2.8 Invocations


You had 5 spell levels left.
You didn't know any spells.

Dungeon Overview and Level Annotations

Branches:
Dungeon (4/15)
 Temple: D:4-7

Altars:
Cheibriados
Nemelex Xobeh


Innate Abilities, Weirdness & Mutations

Your plain brown scales are hard. (AC +6)
You cannot fit into any form of body armour.
You are cold-blooded and may be slowed by cold attacks.


Message History

The orc priest calls down the wrath of Beogh upon you.
Beogh smites you!
* * * LOW HITPOINT WARNING * * *
You barely miss the orc priest.
The orc priest is moderately wounded.
The orc priest hits you with a hand axe.
* * * LOW HITPOINT WARNING * * *
You slash the orc priest!
The orc priest is severely wounded.
The orc priest hits you with a hand axe.
* * * LOW HITPOINT WARNING * * *
You hit the orc priest but do no damage.
The orc priest is severely wounded.
The orc priest calls down the wrath of Beogh upon you.
Beogh smites you!
* * * LOW HITPOINT WARNING * * *
You slash the orc priest!
You kill the orc priest!
Lugonu accepts your kill.
You can now banish your foes.
You die...

#####.###........##.#######...#
#................#...........##
#.###.###.###.#..#..########.#
#.# #.........#..#..# #.# #.#
#####.....#..#..# #.# #.#
#.###.#..#..# #.# ###รท# #.#
#....#..########.# ....# #.#
#................## #####
#.####@..#.............
#>...)...#...##########
###.####......#### #.#
#.........# #.# #......##.# #.#
#.#...###.# #.# #.#.### #.# ##
#.# #.#.# #.# #. #.# #.#.# #.#
##


There were no monsters in sight!

Vanquished Creatures
  A wight (D:3)
  2 orc priests (D:3)
  An orc wizard (D:3)
  Natasha (thrice) (D:3)
  A worker ant (D:3)
  4 adders
  2 oozes
  2 worms
  7 dart slugs
  2 leopard geckos
  16 orcs (D:3)
  A ball python (D:3)
  5 giant cockroaches
  3 hobgoblins
  11 jackals
  8 bats
  2 frilled lizards (D:2)
  9 goblins
  6 kobolds
  6 rats
92 creatures vanquished.

Vanquished Creatures (others)
  An orc (D:3)
1 creature vanquished.

Grand Total: 93 creatures vanquished

Notes
Turn   | Place    | Note
-------+----------+-------------------------------------------
     0 | Abyss:1  | Thjof the Draconian Abyssal Knight began the quest for the Orb.
     0 | Abyss:1  | Reached XP level 1. HP: 19/19 MP: 2/2
    35 | Abyss:1  | Found a corrupted altar of Lugonu.
   108 | Abyss:1  | Noticed a worldbinder
   109 | D:1      | Escaped the Abyss
   166 | D:1      | Reached * piety under Lugonu
   211 | D:1      | Reached XP level 2. HP: 23/26 MP: 3/3
   895 | D:2      | Reached XP level 3. HP: 22/33 MP: 4/4
  1444 | D:2      | Reached ** piety under Lugonu
  1444 | D:2      | Reached skill level 3 in Long Blades
  1444 | D:2      | Reached XP level 4. HP: 35/40 MP: 5/5
  1561 | D:2      | Found a snail-covered altar of Cheibriados.
  1562 | D:2      | Found a sparkling altar of Nemelex Xobeh.
  1714 | D:3      | Noticed Natasha
  1836 | D:3      | Killed Natasha
  1927 | D:3      | Noticed Natasha
  1960 | D:3      | Killed Natasha
  1960 | D:3      | Reached XP level 5. HP: 21/46 MP: 6/6
  1986 | D:3      | Reached skill level 4 in Long Blades
  2073 | D:3      | Noticed Natasha
  2086 | D:3      | Killed Natasha
  2270 | D:3      | Reached XP level 6. HP: 31/52 MP: 4/7
  2394 | D:3      | Reached skill level 5 in Long Blades
  2546 | D:3      | Reached *** piety under Lugonu
  2770 | D:3      | HP: 1/53 [orc priest/divine providence (10)]
  2771 | D:3      | Succumbed to a worker ant's poison

Skill      XL: |  1  2  3  4  5  6 |
---------------+-------------------+-----
Fighting       | 4 |  4.3
Long Blades    | 3 4 5 |  5.1
Dodging        | 3 |  3.5
Slings         | |  0.5
Stealth        | |  0.4
Invocations    | |  2.8

Action                   |  1- 3 |  4- 6 || total
-------------------------+-------+-------++-------
Melee: Falchion          |    99 |   155 ||   254
       Tailslap          |    14 |    18 ||    32
 Fire: Hunting sling     |       |    12 ||    12
Throw: Stone             |     5 |     4 ||     9
Invok: Depart the Abyss  |     1 |       ||     1
       Bend Space        |       |     6 ||     6
       Banish            |       |     1 ||     1
  Use: Scroll            |     3 |       ||     3
       Potion            |       |     2 ||     2
 Stab: Sleeping          |     1 |     1 ||     2
       Distracted        |       |     1 ||     1
  Eat: Chunk             |     2 |     5 ||     7
Armor: Skin              |    40 |    45 ||    85
Dodge: Dodged            |    72 |   116 ||   188
       Rpst.: Falchion   |    20 |    40 ||    60
